 Dungeon Crawl Stone Soup version 0.29-a0-676-ga64570c9d2 (webtiles) character file.

Game seed: 265197718640688661

756 IdlyInterested the Chopper (level 7, -12/52 HPs)
             Began as a Demonspawn Gladiator on June 24, 2022.
             Mangled by an ogre
             ... wielding a +0 giant club
              (24 damage)
             ... on level 5 of the Dungeon.
             The game lasted 00:11:24 (4096 turns).

IdlyInterested the Chopper (Demonspawn Gladiator)   Turns: 4096, Time: 00:11:25

Health: -12/52     AC: 11    Str: 16    XL:     7   Next: 50%
Magic:  7/7        EV:  8    Int:  9    God:
Gold:   255        SH:  0    Dex: 21    Spells: 6/6 levels left

rFire   . . .      SeeInvis .   a - +0 war axe
rCold   . . .      Faith    .   (no shield)
rNeg    . . .      Spirit   .   s - +0 chain mail
rPois   +          Reflect  .   (helmet restricted)
rElec   .          Harm     .   r - +0 cloak {rPois}
rCorr   .          Rampage  .   (no gloves)
Will    .....      Rnd*Tele +   x - +0 pair of boots
Stlth   ..........              (no amulet)
HPRegen 0.17/turn               m - +6 ring of dexterity
MPRegen 0.10/turn               b - +4 ring of slaying

@: studying Fighting
A: claws 1, horns 2, powered by death 2, mutation resistance 1, teleportitis 1
a: no special abilities


You were on level 5 of the Dungeon.
You visited 2 branches of the dungeon, and saw 6 of its levels.

You collected 255 gold pieces.

Inventory:

Hand Weapons
 a - a +0 war axe (weapon)
 i - a +0 hand axe
 t - a +0 hand axe
 B - a +0 hand axe
 C - a +0 hand axe
 D - a +0 hand axe
Missiles
 d - 2 throwing nets
 e - 7 javelins
 k - 2 poisoned darts (quivered)
 p - 5 atropa-tipped darts
Armour
 r - a +0 cloak of poison resistance (worn)
 s - a +0 chain mail (worn)
 x - a +0 pair of boots (worn)
Jewellery
 b - a +4 ring of slaying (right claw)
 c - a ring of see invisible
 f - a ring of wizardry
 m - a +6 ring of dexterity (left claw)
 w - a ring of magical power
 E - a ring of flight
Wands
 q - a wand of polymorph (14)
Scrolls
 h - a scroll of poison {unknown}
 j - 4 scrolls of identify
 o - a scroll of immolation
 u - a scroll of vulnerability {unknown}
 v - 2 scrolls of amnesia {unknown}
 y - 3 scrolls of teleportation
Potions
 g - a potion of might
 l - a potion of berserk rage
 n - 2 potions of attraction
 z - 3 potions of curing
 A - a potion of lignification
 F - a potion of brilliance {unknown}


   Skills:
 + Level 3.5 Fighting
 + Level 5.6 Axes
 - Level 1.7 Throwing
 - Level 3.4 Armour
 - Level 2.6 Dodging
 - Level 1.0 Stealth
 - Level 3.4 Unarmed Combat
 - Level 1.0 Evocations


You had 6 spell levels left.
You didn't know any spells.
Your spell library contained the following spells:

 Spells                   Type           Power      Damage    Failure   Level
 Magic Dart               Conj           0%         1d3       100%        1
 Call Imp                 Summ           0%         N/A       100%        2
 Sublimation of Blood     Necr           0%         N/A       100%        2
 Wereblood                Tmut           0%         N/A       100%        2
 Mephitic Cloud           Conj/Pois/Air  0%         N/A       100%        3
 Summon Hydra             Summ           0%         N/A       100%        7
 Chain Lightning          Conj/Air       0%         N/A       100%        9
 Fire Storm               Conj/Fire      0%         5d1       100%        9
 Shatter                  Erth           0%         3d5*      100%        9


Dungeon Overview and Level Annotations

Branches:
Dungeon (5/15)             Temple (1/1) D:5

Altars:
Ashenzari
Dithmenos
Elyvilon
Fedhas
Hepliaklqana
Makhleb
Nemelex Xobeh
Okawaru
Qazlal
Ru
Sif Muna
Trog
Uskayaw
Vehumet
Wu Jian
Xom
Zin
The Shining One


Innate Abilities, Weirdness & Mutations

You have sharp fingernails.
You have a pair of horns on your head.
You regenerate health from kills.
You are somewhat resistant to further mutation.
You are occasionally teleported next to monsters.


Message History

You can't go down here!
You climb upwards.
Welcome back to the Dungeon!
There is a staircase to the Ecumenical Temple here.
Found 7 stones.
An iguana comes into view.
The iguana hisses angrily.
Found a marble ring.
The iguana bites you but does no damage.
You slash the iguana!
The iguana is heavily wounded.
The iguana bites you!
You barely miss the iguana. You headbutt the iguana!
You kill the iguana!
E - a ring of flight HP restored.
Found a stone staircase leading up.
You now have 255 gold pieces (gained 6).
F - a murky purple potion You open the door.
An ogre and a hound come into view.
The ogre shouts!
The hound barks!
There is an open door here.
The hound closely misses you.
You barely miss the hound. The hound bites you but does no damage.
The hound misses you.
You barely miss the ogre. Your headbutt misses the ogre. You hit the hound.
The hound bites you but does no damage. The ogre barely misses you.
You hit the ogre but do no damage. You closely miss the hound.
The hound bites you but does no damage. x2
The ogre hits you with a +0 giant club!
You barely miss the ogre. You hit the hound. The hound bites you.
The hound bites you but does no damage.
The ogre hits you with a +0 giant club!!
* * * LOW HITPOINT WARNING * * *
You hit the ogre.
The ogre is lightly wounded.
You slash the hound!
You kill the hound!
The ogre hits you with a +0 giant club!!
You die...

#.# #.# .# #.###
.....## #...#
##.....## ##.#.#
##.......##
####....###.........#
..........+.........+
####....###.........#
#......##....O..#
#.##.#.# #..@.$#
#.#..#.# ##...##
#..#.#.# ##'##
#.###..# #.# #..#.#.#
#.# #.#.##.# ##.##
#......# ##...##
###.######.....#
#...........##


You could see an ogre.

Vanquished Creatures
  A phantom (D:4)
  2 centaurs (D:4)
  A necrophage (D:4)
  2 orc priests
  Crazy Yiuf (D:2)
  2 hounds
  5 iguanas
  Natasha (thrice) (D:2)
  5 adders
  A worm (D:2)
  3 dart slugs
  9 orcs
  6 bats
  4 endoplasms
  11 giant cockroaches (D:2)
  5 goblins
  10 hobgoblins
  2 jackals (D:4)
  2 quokkas
  5 ball pythons
  2 frilled lizards
  5 kobolds
  3 rats
90 creatures vanquished.

Notes
Turn   | Place    | Note
-------+----------+-------------------------------------------
     0 | D:1      | IdlyInterested the Demonspawn Gladiator began the quest for
                  | the Orb.
     0 | D:1      | Reached XP level 1. HP: 16/16 MP: 1/1
   147 | D:1      | Reached skill level 3 in Axes
   238 | D:1      | Discovered your monstrous ancestry.
   238 | D:1      | Gained mutation: You have a pair of small horns on your
                  | head. [demonic ancestry]
   238 | D:1      | Reached XP level 2. HP: 22/22 MP: 2/2
   708 | D:1      | Reached skill level 1 in Armour
   837 | D:1      | Gained mutation: You are occasionally teleported next to
                  | monsters. [potion of mutation]
   837 | D:1      | Gained mutation: You are somewhat resistant to further
                  | mutation. [potion of mutation]
   913 | D:2      | Noticed an eye of devastation
   922 | D:2      | Reached XP level 3. HP: 10/27 MP: 3/3
  1131 | D:2      | Noticed a great orb of eyes
  1225 | D:2      | Noticed a floating eye
  1227 | D:2      | Found a faded altar of an unknown god.
  1234 | D:2      | Noticed a shining eye
  1334 | D:2      | Reached skill level 4 in Axes
  1335 | D:2      | Gained mutation: You have sharp fingernails. [demonic
                  | ancestry]
  1335 | D:2      | Reached XP level 4. HP: 18/33 MP: 4/4
  1597 | D:2      | Noticed Natasha
  1600 | D:2      | Killed Natasha
  1705 | D:2      | Found a runed translucent door.
  1706 | D:2      | Noticed Crazy Yiuf
  1741 | D:2      | Reached skill level 1 in Unarmed Combat
  1920 | D:2      | Noticed Natasha
  1927 | D:2      | Killed Natasha
  2109 | D:2      | Killed Crazy Yiuf
  2110 | D:2      | Gained mutation: You have a pair of horns on your head.
                  | [demonic ancestry]
  2110 | D:2      | Reached XP level 5. HP: 38/38 MP: 5/5
  2184 | D:2      | Noticed Natasha
  2192 | D:2      | Killed Natasha
  3012 | D:4      | Noticed a centaur
  3012 | D:4      | Noticed a centaur
  3016 | D:4      | Killed a centaur
  3017 | D:4      | Gained mutation: You regenerate a little health from kills.
                  | [demonic ancestry]
  3017 | D:4      | Reached XP level 6. HP: 32/44 MP: 6/6
  3020 | D:4      | Reached skill level 5 in Axes
  3236 | D:4      | Gained mutation: You regenerate health from kills. [demonic
                  | ancestry]
  3236 | D:4      | Reached XP level 7. HP: 40/52 MP: 7/7
  3337 | D:4      | Reached skill level 1 in Evocations
  3467 | D:4      | Reached skill level 1 in Stealth
  3659 | D:5      | Entered Level 5 of the Dungeon
  3667 | D:5      | Found a staircase to the Ecumenical Temple.
  3677 | Temple   | Entered the Ecumenical Temple
  4096 | D:5      | Mangled by an ogre

Illustrated notes

Levels and vault maps discovered:
D:1:      lightli_arrival_statuegarden, layout_loops_ring
D:2:      minmay_roachtagon, layout_basic,
          hellmonk_ecumenical_altar_watching_god, minmay_ruptured, uniq_natasha,
          uniq_crazy_yiuf_cottage
D:3:      layout_rooms, kennysheep_generic_room_7
D:4:      layout_basic, minmay_manual_mares
D:5:      layout_loops_corners, gammafunk_temple_of_torment,
          minmay_temple_entry_arrows
Temple:   dpeg_five_rooms_temple

Skill      XL: |  1  2  3  4  5  6  7 |
---------------+----------------------+-----
Axes           | 3 4 5 |  5.6
Armour         | 1 2 3 |  3.4
Unarmed Combat | 1 2 3 |  3.4
Fighting       | 3 |  3.5
Evocations     | 1 |  1.0
Stealth        | 1 |  1.0
Throwing       | |  1.7
Dodging        | |  2.6

Action                   |  1- 3 |  4- 6 |  7- 9 || total
-------------------------+-------+-------+-------++-------
Melee: War axe           |    74 |    97 |    38 ||   209
       Punch             |     1 |     1 |       ||     2
       Headbutt          |     8 |    16 |     7 ||    31
Throw: Throwing net      |       |     1 |       ||     1
  Use: Potion            |     4 |       |       ||     4
       Scroll            |     3 |     5 |     1 ||     9
 Stab: Sleeping          |     1 |       |       ||     1
       Held in net/web   |       |     1 |       ||     1
Armor: Leather armour    |    14 |       |       ||    14
       Ring mail         |    34 |    10 |       ||    44
       Chain mail        |       |    59 |    19 ||    78
Dodge: Dodged            |    74 |    67 |    15 ||   156

Table legend: (Time is in decaauts)
 A = Elapsed time spent in this place.
 B = Non-inter-level travel time spent in this place.
 C = Inter-level travel time spent in this place.
 D = Time resting spent in this place.
 E = Time spent auto-exploring this place.
 F = Levels seen in this place.
 G = Mean time per level.
                   A        B        C        D        E       F      G
               +--------+--------+--------+--------+--------+-----+--------+
         Total |   4163 |   3972 |    191 |    583 |   2543 |   6 |  693.8 |
       Dungeon |   3881 |   3753 |    128 |    583 |   2350 |   5 |  776.2 |
        Temple |    281 |    218 |     63 |      0 |    193 |   1 |  281.0 |
               +--------+--------+--------+--------+--------+-----+--------+

Top non-repeatable levels by time:
     D:2: 1397 daAuts
     D:1: 866 daAuts
     D:3: 760 daAuts
     D:4: 699 daAuts
  Temple: 281 daAuts
     D:5: 157 daAuts
